 Dungeon Crawl Stone Soup version 0.19.5 (webtiles) character file.

455 Azzok the Skirmisher (level 6, -4/57 HPs)
             Began as a Centaur Fighter on June 3, 2017.
             Slain by Menkaure (14 damage)
             ... on level 4 of the Dungeon.
             The game lasted 00:07:51 (4844 turns).

Azzok the Skirmisher (Centaur Fighter)              Turns: 4844, Time: 00:07:52

Health: -4/57      AC:  9    Str: 21    XL:     6   Next: 76%
Magic:  6/6        EV:  3    Int:  7    God:
Gold:   201        SH: 14    Dex:  8    Spells: 0 memorised, 5 levels left

rFire  . . .     SeeInvis .     b - -1 falchion (curse)
rCold  . . .     Gourm    .     m - +0 chain mail
rNeg   . . .     Faith    .     c - +0 shield
rPois  .         Spirit   .     (no helmet)
rElec  .         Reflect  +     p - +0 cloak
rCorr  .         Harm     .     (no gloves)
MR     .....                    (no barding)
Stlth  ..........               e - +5 amulet of reflection
                                (no ring)
                                (no ring)

@: very quick
A: hooves 3, deformed body, speed 2, tough skin 3
a: no special abilities


You were on level 4 of the Dungeon.
You were not hungry.

You visited 1 branch of the dungeon, and saw 4 of its levels.

You collected 201 gold pieces.

Inventory:

Hand Weapons
 a - a +0 long sword
 b - a cursed -1 falchion (weapon)
Missiles
 h - 78 arrows
Armour
 c - a +0 shield (worn)
 m - a +0 chain mail (worn)
 p - a +0 cloak (worn)
Jewellery
 e - a +5 amulet of reflection (around neck)
Wands
 o - a wand of digging (3/24)
 s - a wand of slowing (15/48)
Scrolls
 d - a scroll of enchant weapon
 j - 8 scrolls of identify
 k - 4 scrolls of recharging
 u - 2 scrolls of magic mapping
 w - a scroll of random uselessness {unknown}
Potions
 g - 2 potions of heal wounds {unknown}
 l - a potion of resistance {unknown}
 q - a potion of degeneration {unknown}
 r - 3 potions of magic {unknown}
 t - a potion of might
 v - 2 potions of agility {unknown}
 x - a potion of mutation {unknown}
Comestibles
 f - 5 bread rations {@e1}
 i - 4 meat rations {@e2}
 n - 2 chunks of flesh {@w0}


   Skills:
 + Level 5.7 Fighting
 - Level 3.0 Long Blades
 - Level 3.0 Armour
 - Level 3.2 Shields


You had 5 spell levels left.
You didn't know any spells.

Dungeon Overview and Level Annotations

Branches:
Dungeon (4/15)
 Temple: D:4-7

Altars:

Annotations:
D:4 Menkaure


Innate Abilities, Weirdness & Mutations

You have hooves in place of feet.
Armour fits poorly on your strangely shaped body.
You cover ground very quickly.
You have extremely tough skin. (AC +3)


Message History

Your shield and chain mail prevent you from hitting Menkaure.
You kick Menkaure, but do no damage.
Menkaure is lightly damaged.
Menkaure calls on the powers of darkness!
Your body is wracked with pain!
* * * LOW HITPOINT WARNING * * *
You take 6 damage, and have 9/57 hp.
You hit Menkaure.
Menkaure is lightly damaged.
You block Menkaure's attack.
You hit Menkaure.
Menkaure is moderately damaged.
You block Menkaure's attack.
You hit Menkaure. You kick Menkaure, but do no damage.
Menkaure is heavily damaged.
Menkaure barely misses you.
You barely miss Menkaure.
Menkaure is heavily damaged.
Menkaure hits you!
You die...

▒···▒ ▒·▒ ▒···▒
▒·▒ ▒▒▒ ▒···▒
▒·▒▒▒▒▒ ▒··
▒▒▒▒▒▒···▒
▒·····▒▒▒▒▒▒▒·▒
····▒▒·▒▒▒▒▒
▒▒▒▒▒·········▒
···········▒
▒▒▒▒
▒▒▒▒▒▒▒▒▒▒▒
····▒▒·▒▒▒····
··▒ )·▒·▒▒·▒ ▒▒
▒M▒ ·▒▒·▒▒··
▒@▒ ····▒▒▒·▒
▒·▒▒▒ ·▒▒▒▒ ·▒
▒···▒ ·▒ ·▒
▒▒▒▒▒▒▒·▒ ▒▒ ·▒
▒·······▒
▒·▒▒▒▒▒·▒ ▒▒▒
▒▒▒▒·▒ ··▒
▒····▒ ▒·▒ ▒
▒·▒▒·▒


You could see Menkaure.

Vanquished Creatures
  A scorpion (D:4)
  An orc priest (D:3)
  An orc wizard (D:4)
  Natasha (thrice) (D:2)
  Terence (D:2)
  2 worker ants (D:4)
  Robin (D:2)
  5 adders
  2 oozes
  An adder skeleton (D:4)
  A worm (D:4)
  A dart slug (D:3)
  2 leopard geckos (D:2)
  10 orcs
  9 bats
  6 giant cockroaches
  15 goblins
  7 hobgoblins
  11 jackals
  9 kobolds
  5 frilled lizards
  12 rats
106 creatures vanquished.

Vanquished Creatures (others)
  An orc wizard (D:4)
  A goblin (D:2)
2 creatures vanquished.

Grand Total: 108 creatures vanquished

Notes
Turn   | Place    | Note
-------+----------+-------------------------------------------
     0 | D:1      | Azzok the Centaur Fighter began the quest for the Orb.
     0 | D:1      | Reached XP level 1. HP: 19/19 MP: 1/1
    84 | D:1      | Reached XP level 2. HP: 13/26 MP: 2/2
  1039 | D:1      | Reached XP level 3. HP: 31/31 MP: 3/3
  1413 | D:2      | Noticed Natasha
  1425 | D:2      | Killed Natasha
  1652 | D:2      | Reached XP level 4. HP: 34/40 MP: 4/4
  1709 | D:2      | Noticed Terence
  1711 | D:2      | Noticed Natasha
  1721 | D:2      | Killed Terence
  1721 | D:2      | Reached skill level 4 in Fighting
  1727 | D:2      | Killed Natasha
  1950 | D:2      | Noticed Robin
  1981 | D:2      | Reached XP level 5. HP: 44/46 MP: 5/5
  2002 | D:2      | Killed Robin
  2105 | D:2      | Noticed Natasha
  2118 | D:2      | Killed Natasha
  3356 | D:3      | Reached XP level 6. HP: 53/53 MP: 6/6
  3663 | D:4      | Reached skill level 5 in Fighting
  4831 | D:4      | Noticed Menkaure
  4844 | D:4      | Slain by Menkaure

Skill      XL: |  1  2  3  4  5  6 |
---------------+-------------------+-----
Long Blades    | 2 3 |  3.0
Fighting       | 4 5 |  5.7
Shields        | 3 |  3.2
Armour         | 3 |  3.0

Action                   |  1- 3 |  4- 6 || total
-------------------------+-------+-------++-------
Melee: Long sword        |   146 |   196 ||   342
       Kick              |    31 |    67 ||    98
       Falchion          |       |    85 ||    85
  Use: Potion            |       |     1 ||     1
       Scroll            |       |     4 ||     4
  Eat: Chunk             |     2 |     9 ||    11
Armor: Scale mail        |    26 |       ||    26
       Chain mail        |    37 |   141 ||   178
Dodge: Dodged            |    23 |    30 ||    53
Block: Shield            |   140 |   227 ||   367
       Reflection        |     3 |     3 ||     6
       Rpst.: Long sword |    10 |     8 ||    18
       Falchion          |       |     1 ||     1
